 Dungeon Crawl Stone Soup version 0.26.1-11-gd32895ea62 (webtiles) character file.

Game seed: 18045699904753080259

2480 Groucho the Covert (level 9, 0/39 HPs)
             Began as a Spriggan Enchanter on Apr 19, 2021.
             Was an Initiate of Kikubaaqudgha.
             Slain by a centaur zombie (6 damage)
             ... on level 8 of the Dungeon on Apr 20, 2021.
             The game lasted 00:23:15 (15068 turns).

Groucho the Covert (Spriggan Enchanter)            Turns: 15068, Time: 00:23:16

Health: 0/39       AC:  8    Str:  7    XL:     9   Next: 27%
Magic:  17/21      EV: 18    Int: 17    God:    Kikubaaqudgha [......]
Gold:   452        SH:  0    Dex: 16    Spells: 17/23 levels left

rFire    + . .     SeeInvis +   B - +7 captain's cutlass {speed, disarm}
rCold    + + .     Faith    .   (shield restricted)
rNeg     + . .     Spirit   .   G - +2 robe {rN+}
rPois    .         Reflect  .   (helmet restricted)
rElec    .         Harm     .   A - scarf {rC+ rF+}
rCorr    .         Rampage  .   (gloves unavailable)
Will     +....                  (boots unavailable)
Stlth    +++++.....             (no amulet)
HPRegen  0.13/turn              w - +4 ring of protection
MPRegen  0.17/turn              z - ring of protection from cold

@: very quick
A: very small, unfitting armour, see invisible, speed 3
a: Renounce Religion


You were on level 8 of the Dungeon.
You worshipped Kikubaaqudgha.
Kikubaaqudgha was noncommittal.
You visited 2 branches of the dungeon, and saw 10 of its levels.

You collected 452 gold pieces.

Inventory:

Hand Weapons
 a - a +1 dagger
 d - a +0 rapier of venom
 l - a +2 antimagic dagger
 B - the +7 captain's cutlass (weapon) {speed, disarm}
   (You found it on level 6 of the Dungeon)

   Attacks with this weapon are significantly faster.
Missiles
 q - 15 poisoned darts (quivered)
 C - 8 boomerangs
Armour
 A - a scarf of resistance (worn)
 G - a +2 robe of positive energy (worn)
Jewellery
 w - a +4 ring of protection (left hand)
 z - a ring of protection from cold (right hand)
 H - a +6 ring of dexterity {unknown}
Wands
 p - a wand of disintegration (23)
 r - a wand of polymorph (6)
 x - a wand of flame (38)
 y - a wand of acid (10)
Scrolls
 i - 5 scrolls of teleportation
 k - 2 scrolls of immolation {unknown}
 o - 3 scrolls of remove curse
 s - 2 scrolls of enchant armour {unknown}
 t - a scroll of fear
 u - a scroll of amnesia {unknown}
 v - a scroll of vulnerability {unknown}
 D - 2 scrolls of identify
 E - a scroll of enchant weapon {unknown}
Potions
 c - 3 potions of lignification
 e - a potion of degeneration {unknown}
 f - a potion of mutation {unknown}
 g - 4 potions of curing
 h - 3 potions of flight
 j - a potion of might {unknown}
 m - 2 potions of berserk rage
 n - a potion of invisibility {unknown}
 F - a potion of heal wounds {unknown}


   Skills:
 - Level 1.1 Short Blades
 - Level 3.0 Dodging
 * Level 13.5 Stealth
 + Level 7.7 Spellcasting
 + Level 8.2 Hexes
 + Level 2.4 Necromancy


You had 17 spell levels left.
You knew the following spells:

 Your Spells              Type           Power        Failure   Level
a - Corona                Hex            37%          1%          1
b - Ensorcelled Hibernat  Hex/Ice        40%          3%          2
c - Confusing Touch       Hex            34%          1%          3

Your spell library contained the following spells:

 Spells                   Type           Power        Failure   Level
 Tukima's Dance           Hex            34%          1%          3
 Dazzling Flash           Conj/Hex       40%          6%          3


Dungeon Overview and Level Annotations

Branches:
Dungeon (9/15)             Temple (1/1) D:6
   Lair: D:8-11         Orc: D:9-12

Altars:
Ashenzari
Cheibriados
Dithmenos
Elyvilon
Fedhas
Gozag
Hepliaklqana
Kikubaaqudgha
Makhleb
Nemelex Xobeh
Okawaru
Qazlal
Ru
Sif Muna
Trog
Uskayaw
Vehumet
Wu Jian
Xom
Yredelemnul
Zin
The Shining One

Shops:
D:6 [[=:

Annotations:
D:5 2 transporters, H0rd4k's ghost, novice HuAr


Innate Abilities, Weirdness & Mutations

You are very small and have problems with some larger weapons.
You are too small for most types of armour.
You have supernaturally acute eyesight. (SInv)
You cover ground extremely quickly.


Message History

The iguana barely misses you. The iguana closely misses you.
There is a stone staircase leading down, spattered with blood here.
You see here an arrow.
Casting: Ensorcelled Hibernation (safe; 3% risk of failure)
Confirm with . or Enter, or press ? or * to list all spells.
Aiming: Ensorcelled Hibernation (safe; 3% risk of failure)
Press: ? - help, Shift-Dir - straight line, f - centaur
Aim: a centaur, wielding a +0 shortbow and quivering 17 arrows (chance to affect: 50%)
The centaur resists with some effort.
The centaur unwields a +0 shortbow.
The centaur completely misses you. The iguana closely misses you.
Casting: Ensorcelled Hibernation (safe; 3% risk of failure)
Confirm with . or Enter, or press ? or * to list all spells.
Aiming: Ensorcelled Hibernation (safe; 3% risk of failure)
Press: ? - help, Shift-Dir - straight line, f/p - centaur
Aim: a centaur, quivering 17 arrows (chance to affect: 50%)
The centaur resists with some effort.
The centaur hits you but does no damage.
The centaur zombie hits you.
You die...
Kikubaaqudgha rasps: "You have failed me!
Welcome... death!"

#......[..# #.................
#...###...#### ##.....##.........
.............###......####.......
..)...#.#............##..#.###..
.....###................#.. #..
..####..................#.# #..
.. #...#...#...........#. ##. #.
...###...##.......# #.) ....
#....##@c...### #.. ...
#......lZ(....# # #.. ..
...............##.# #..
.##.#(........(....# #..
#.........###(...# #..
#........## #..Z.# #.. ..........
...c.# #.. .####.....#..#Z..+ #..
.......... #..# #..


You could see a centaur, an iguana and a centaur zombie.

Vanquished Creatures
  Psyche (D:8)
  Prince Ribbit (D:5)
  Sigmund (D:5)
  Eustachio (D:5)
  Menkaure (D:7)
  A water moccasin (D:4)
  A black bear (D:6)
  2 ogres (D:7)
  4 centaurs
  A bullfrog (D:6)
  A scorpion (D:5)
  A howler monkey (D:4)
  A centaur zombie (D:5)
  An orc priest (D:4)
  2 hounds
  A jelly (D:5)
  A bullfrog skeleton (D:4)
  2 orc wizards
  A centaur skeleton (D:4)
  Ijyb (D:3)
  2 iguanas
  5 worker ants
  A hound zombie (D:5)
  2 hound skeletons
  A howler monkey zombie (D:8)
  4 gnolls (D:1)
  7 adders
  A white imp (D:8)
  2 oozes
  An adder skeleton (D:4)
  3 worms
  4 dart slugs
  2 leopard geckos
  16 orcs
  10 bats
  5 giant cockroaches
  9 goblins
  7 hobgoblins
  7 jackals
  6 kobolds
  8 quokkas
  3 ball pythons
  6 frilled lizards
  A leopard gecko skeleton (D:4)
  3 rats (D:1)
142 creatures vanquished.

Notes
Turn   | Place    | Note
-------+----------+-------------------------------------------
     0 | D:1      | Groucho the Spriggan Enchanter began the quest for the Orb.
     0 | D:1      | Reached XP level 1. HP: 9/9 MP: 5/5
   213 | D:1      | Reached XP level 2. HP: 13/13 MP: 6/6
   246 | D:1      | Reached skill level 5 in Stealth
  1983 | D:1      | Learned a level 2 spell: Ensorcelled Hibernation
  2183 | D:2      | Reached XP level 3. HP: 16/16 MP: 8/8
  3300 | D:2      | Reached skill level 6 in Stealth
  4762 | D:2      | Reached XP level 4. HP: 21/21 MP: 6/10
  6164 | D:2      | Reached skill level 7 in Stealth
  6621 | D:3      | Reached XP level 5. HP: 24/24 MP: 11/11
  6755 | D:3      | Found a faded altar of an unknown god.
  6764 | D:3      | Noticed Ijyb
  6814 | D:3      | Learned a level 3 spell: Confusing Touch
  6826 | D:3      | Killed Ijyb
  8033 | D:4      | Reached skill level 5 in Hexes
  8073 | D:4      | Noticed a water moccasin
  8081 | D:4      | Killed a water moccasin
  8082 | D:4      | Reached skill level 8 in Stealth
  8082 | D:4      | Reached XP level 6. HP: 25/28 MP: 10/13
  8154 | D:4      | Reached skill level 9 in Stealth
  8632 | D:4      | Reached skill level 5 in Spellcasting
  8792 | D:4      | Reached XP level 7. HP: 27/32 MP: 12/15
  9586 | D:5      | Entered Level 5 of the Dungeon
 11028 | D:5      | Noticed Sigmund
 11034 | D:5      | Killed Sigmund
 11035 | D:5      | Reached skill level 10 in Stealth
 11300 | D:5      | Found a blossoming altar of Fedhas.
 11345 | D:5      | Noticed Prince Ribbit
 11347 | D:5      | Noticed Eustachio
 11505 | D:5      | Killed Eustachio
 11663 | D:5      | Killed Prince Ribbit
 11664 | D:5      | Reached skill level 11 in Stealth
 11664 | D:5      | Reached XP level 8. HP: 33/36 MP: 15/18
 12380 | D:5      | Reached skill level 12 in Stealth
 12534 | D:5      | Found a transporter.
 12537 | D:5      | Found a transporter.
 12537 | D:5      | Noticed H0rd4k's ghost (novice HuAr)
 12722 | D:6      | Found a staircase to the Ecumenical Temple.
 12735 | Temple   | Entered the Ecumenical Temple
 12789 | Temple   | Became a worshipper of Kikubaaqudgha
 13355 | D:6      | Found Qaogaedu's Armour Boutique.
 13372 | D:6      | Found Veuxics's Jewellery Shoppe.
 13375 | D:6      | Found the +7 captain's cutlass {speed, disarm}
 13587 | D:6      | Reached skill level 1 in Necromancy
 13592 | D:6      | Found Cilil's Antique Armour Boutique.
 13798 | D:6      | Found Pyeps's Book Shop.
 14112 | D:7      | Noticed Menkaure
 14115 | D:7      | Killed Menkaure
 14282 | D:7      | Reached XP level 9. HP: 39/39 MP: 19/21
 14480 | D:7      | Reached skill level 13 in Stealth
 14984 | D:8      | Noticed Psyche
 15014 | D:8      | Killed Psyche
 15068 | D:8      | Slain by a centaur zombie

Illustrated notes

Levels and vault maps discovered:
D:1:      dpeg_arrival_court, layout_loops_ring
D:2:      layout_rooms
D:3:      layout_basic, chequers_ecumenical_altar_island, uniq_ijyb
D:4:      layout_cave_pools, minmay_misc_feat_iff
D:5:      layout_loops_cross, lemuel_doored_altar, gammafunk_ghost_hive,
          uniq_eustachio, uniq_sigmund, uniq_prince_ribbit1
D:6:      layout_basic, minmay_temple_entry_overgrown, serial_shops,
          nicolae_shop_crystal, shop, shop, shop
D:7:      layout_loops_ring, uniq_menkaure
D:8:      layout_cave_pools, hangedman_minor_gate_pass, uniq_psyche
D:9:      layout_roguey, orc_0_dummy, grunt_decor_resistance, uniq_erolcha
Temple:   kilobyte_greek_temple

Skill      XL: |  1  2  3  4  5  6  7  8  9 |
---------------+----------------------------+-----
Stealth        | 5 6 7 8 9 11 12 13 | 13.5
Spellcasting   | 3 4 5 6 7 |  7.7
Hexes          | 4 5 6 7 8 |  8.2
Necromancy     | 1 2 |  2.4
Short Blades   | |  1.1
Dodging        | |  3.0

Action                   |  1- 3 |  4- 6 |  7- 9 || total
-------------------------+-------+-------+-------++-------
Melee: Dagger            |   150 |   149 |    91 ||   390
       Cutlass           |       |       |    49 ||    49
 Cast: Ensorcelled Hiber |    22 |    40 |    28 ||    90
       Confusing Touch   |       |     4 |     3 ||     7
  Use: Scroll            |       |     4 |     4 ||     8
       Potion            |       |     1 |     3 ||     4
 Stab: Sleeping          |    14 |    31 |    33 ||    78
       Confused          |       |     5 |     4 ||     9
       Distracted        |       |     3 |     1 ||     4
Armor: Robe              |    14 |     6 |    12 ||    32
Dodge: Dodged            |   171 |   115 |   110 ||   396
